 Dungeon Crawl Stone Soup version 0.30.1-11-g7821555f0a (webtiles) character file.

Game seed: 14482149695121525121

296 leafyfresh the Covert (level 6, 0/53 HPs)
             Began as a Gnoll Delver on Nov 2, 2023.
             Slain by a kobold brigand
             ... wielding a +0 short sword
              (4 damage)
             ... on level 6 of the Dungeon.
             The game lasted 00:00:56 (709 turns).

leafyfresh the Covert (Gnoll Delver)                 Turns: 709, Time: 00:00:56

Health: 0/53       AC:  3    Str: 11    XL:     6   Next: 35%
Magic:  9/9        EV: 13    Int: 12    God:
Gold:   8          SH:  0    Dex: 13    Spells: 9/9 levels left

rFire   . . .        a - +0 short sword
rCold   . . .        (no shield)
rNeg    . . .        b - +0 leather armour
rPois   .            (no helmet)
rElec   .            (no cloak)
rCorr   .            (no gloves)
SInv    .            (no boots)
Will    .....        (no amulet)
Stlth   ++++         (no ring)
HPRegen 0.28/turn    (no ring)
MPRegen 0.11/turn

%: no passive effects
@: no status effects
A: fangs 1, strong nose, distributed training
a: no special abilities


You were on level 6 of the Dungeon.
You visited 1 branch of the dungeon, and saw 2 of its levels.

You collected 8 gold pieces.

Inventory:

Hand Weapons
 a - a +0 short sword (weapon)
Armour
 b - a +0 leather armour (worn)
Wands
 g - a wand of digging (3)
 h - a wand of iceblast (6)
Scrolls
 c - a scroll of fog
 d - a scroll of magic mapping
 e - a scroll of fear
 k - a scroll of identify {unknown}
 l - 2 scrolls of enchant weapon {unknown}
Potions
 f - a potion of haste
 i - 2 potions of mutation {unknown}
 j - a potion of lignification {unknown}


   Skills:
 + Level 6.8 Fighting
 + Level 5.0 Short Blades
 + Level 2.0 Long Blades
 + Level 2.0 Axes
 + Level 2.0 Maces & Flails
 + Level 2.0 Polearms
 + Level 2.0 Staves
 + Level 2.0 Ranged Weapons
 + Level 2.0 Throwing
 + Level 2.0 Armour
 + Level 5.0 Dodging
 + Level 9.8 Stealth
 + Level 2.0 Shields
 + Level 2.0 Unarmed Combat
 + Level 2.0 Spellcasting
 + Level 1.6 Conjurations
 + Level 1.6 Hexes
 + Level 1.6 Summonings
 + Level 1.6 Necromancy
 + Level 1.6 Translocations
 + Level 1.6 Transmutations
 + Level 1.6 Fire Magic
 + Level 1.6 Ice Magic
 + Level 1.6 Air Magic
 + Level 1.6 Earth Magic
 + Level 1.6 Poison Magic
 + Level 2.2 Invocations
 + Level 2.0 Evocations


You had 9 spell levels left.
You didn't know any spells.
Your spell library contained the following spells:

 Spells                   Type           Power      Damage    Failure   Level
 Ozocubu's Armour         Ice            5%         N/A       50%         3
 Ozocubu's Refrigeration  Ice            2%         4d8       100%        7


Dungeon Overview and Level Annotations

Branches:
Dungeon (6/15)
 Temple: D:4-7

Altars:


Innate Abilities, Weirdness & Mutations

You have very sharp teeth.
Your uncanny sense of smell can sniff out nearby items.
Your experience applies equally to all skills.


Message History

The kobold brigand is lightly wounded.
The orc hits you with a +0 short sword.
* * * LOW HITPOINT WARNING * * *
The kobold brigand hits you with a +0 short sword.
* * * LOW HITPOINT WARNING * * *
You hit the kobold brigand.
You bite the kobold brigand, but do no damage.
The kobold brigand is moderately wounded.
The kobold brigand hits you with a +0 short sword.
* * * LOW HITPOINT WARNING * * *
The orc closely misses you.
You hit the kobold brigand.
You bite the kobold brigand, but do no damage.
The kobold brigand is heavily wounded.
The kobold brigand barely misses you. The orc misses you.
You closely miss the kobold brigand.
The kobold brigand is heavily wounded.
The kobold brigand closely misses you. The orc hits you with a +0 short sword.
* * * LOW HITPOINT WARNING * * *
You hit the kobold brigand but do no damage.
The kobold brigand is heavily wounded.
You hit the kobold brigand.
The kobold brigand is heavily wounded.
The kobold brigand hits you with a +0 short sword.
* * * LOW HITPOINT WARNING * * *
The orc closely misses you.
You hit the kobold brigand.
The kobold brigand is heavily wounded.
The kobold brigand hits you with a +0 short sword.
* * * LOW HITPOINT WARNING * * *
The orc misses you.
You completely miss the kobold brigand. You bite the kobold brigand.
The kobold brigand is heavily wounded.
You hit the kobold brigand but do no damage.
The kobold brigand is heavily wounded.
The kobold brigand barely misses you. The orc closely misses you.
You hit the kobold brigand but do no damage.
The kobold brigand is heavily wounded.
The kobold brigand hits you with a +0 short sword.
You die...

##### .#
....#######.#
....o.......
....o.......
#.#o.......#
#K#.....K.##
#@#....K....
#o#.......# #
#K#o$.....#
#.#K#.......#
#.#o#.......#
#...........#
####.#.#.......####
......>..<.........
#####.##.###.#######


You could see a kobold brigand, 2 orcs and 2 kobolds.

Vanquished Creatures
  Menkaure (D:5)
  A howler monkey (D:5)
  3 hounds
  2 iguanas (D:5)
7 creatures vanquished.

Notes
Turn   | Place    | Note
-------+----------+-------------------------------------------
     0 | D:5      | Reached skill level 9 in Stealth
     0 | D:5      | leafyfresh the Gnoll Delver began the quest for the Orb.
     0 | D:5      | Reached XP level 1. HP: 23/23 MP: 1/1
     9 | D:5      | Noticed an iguana
    12 | D:5      | Killed an iguana
    13 | D:5      | Reached XP level 2. HP: 29/29 MP: 2/2
    13 | D:5      | Reached XP level 3. HP: 35/35 MP: 3/3
   134 | D:5      | Reached skill level 1 in Long Blades
   134 | D:5      | Reached skill level 1 in Axes
   134 | D:5      | Reached skill level 1 in Maces & Flails
   134 | D:5      | Reached skill level 1 in Polearms
   134 | D:5      | Reached skill level 1 in Staves
   134 | D:5      | Reached skill level 1 in Ranged Weapons
   134 | D:5      | Reached skill level 1 in Throwing
   134 | D:5      | Reached skill level 1 in Armour
   134 | D:5      | Reached skill level 1 in Shields
   134 | D:5      | Reached skill level 1 in Unarmed Combat
   134 | D:5      | Reached skill level 1 in Spellcasting
   134 | D:5      | Reached skill level 1 in Invocations
   134 | D:5      | Reached skill level 1 in Evocations
   258 | D:5      | Reached skill level 1 in Conjurations
   258 | D:5      | Reached skill level 1 in Hexes
   258 | D:5      | Reached skill level 1 in Summonings
   258 | D:5      | Reached skill level 1 in Necromancy
   258 | D:5      | Reached skill level 1 in Translocations
   258 | D:5      | Reached skill level 1 in Transmutations
   258 | D:5      | Reached skill level 1 in Fire Magic
   258 | D:5      | Reached skill level 1 in Ice Magic
   258 | D:5      | Reached skill level 1 in Air Magic
   258 | D:5      | Reached skill level 1 in Earth Magic
   258 | D:5      | Reached skill level 1 in Poison Magic
   258 | D:5      | Reached XP level 4. HP: 32/41 MP: 5/5
   288 | D:5      | Reached XP level 5. HP: 34/47 MP: 5/7
   537 | D:5      | Noticed Menkaure
   540 | D:5      | Killed Menkaure
   541 | D:5      | Reached XP level 6. HP: 53/53 MP: 8/8
   590 | D:6      | Reached skill level 5 in Short Blades
   590 | D:6      | Reached skill level 5 in Dodging
   709 | D:6      | Slain by a kobold brigand

Illustrated notes

Levels and vault maps discovered:
D:5:      layout_layer_cave, grunt_temple_overflow_octagram, uniq_menkaure
D:6:      minmay_diamond_boxcup, layout_basic

Skill      XL: |  1  2  3  4  5  6 |
---------------+-------------------+-----
Stealth        | |  9.8
Long Blades    | 1 2 |  2.0
Axes           | 1 2 |  2.0
Maces & Flails | 1 2 |  2.0
Polearms       | 1 2 |  2.0
Staves         | 1 2 |  2.0
Ranged Weapons | 1 2 |  2.0
Throwing       | 1 2 |  2.0
Armour         | 1 2 |  2.0
Shields        | 1 2 |  2.0
Unarmed Combat | 1 2 |  2.0
Spellcasting   | 1 2 |  2.0
Invocations    | 1 2 |  2.2
Evocations     | 1 2 |  2.0
Conjurations   | 1 |  1.6
Hexes          | 1 |  1.6
Summonings     | 1 |  1.6
Necromancy     | 1 |  1.6
Translocations | 1 |  1.6
Transmutations | 1 |  1.6
Fire Magic     | 1 |  1.6
Ice Magic      | 1 |  1.6
Air Magic      | 1 |  1.6
Earth Magic    | 1 |  1.6
Poison Magic   | 1 |  1.6
Short Blades   | 5 |  5.0
Dodging        | 5 |  5.0
Fighting       | |  6.8

Action                     |  1- 3 |  4- 6 || total
---------------------------+-------+-------++-------
  Melee: Short sword       |    24 |    91 ||   115
         Bite              |     3 |    11 ||    14
   Stab: Sleeping          |     1 |     1 ||     2
 Armour: Leather armour    |     1 |    17 ||    18
  Dodge: Dodged            |    10 |    74 ||    84
